 Dungeon Crawl Stone Soup version 0.30-a0-860-g512cf1e979 (webtiles) character file.

Game seed: 15439218776101767596

4091 kiwi3s the Fighter (level 10, -2/91 HPs)
             Began as a Minotaur Berserker on Mar 7, 2023.
             Was a High Priest of Trog.
             Slain by an orc warrior
             ... wielding a +0 war axe
              (10 damage)
             ... in a bailey.
             The game lasted 00:10:38 (7740 turns).

kiwi3s the Fighter (Minotaur Berserker)             Turns: 7740, Time: 00:10:41

Health: -2/91      AC:  8    Str: 25    XL:     10   Next: 5%
Magic:  9/9        EV: 14    Int:  4    God:    Trog [*****.]
Gold:   588        SH:  5    Dex: 11    Spells: 9/9 levels left

rFire   + . .      SeeInvis .    a - +0 hand axe
rCold   + . .      Faith    .    (no shield)
rNeg    . . .      Spirit   .    p - +0 steam dragon scales
rPois   .          Reflect  +    (helmet restricted)
rElec   .          Rampage  .    j - scarf {rC+ rF+}
rCorr   .                        t - +0 pair of gloves
Will    .....                    (no boots)
Stlth   +                        C - amulet of reflection
HPRegen 0.35/turn                (no ring)
MPRegen 0.11/turn                (no ring)

@: on berserk cooldown, slowed, very slow
A: horns 2, retaliatory headbutt
a: Renounce Religion, Berserk, Trog's Hand, Brothers in Arms


You were in a bailey.
You worshipped Trog.
Trog was extremely pleased with you.
You visited 1 branch of the dungeon, and saw 8 of its levels.
You also visited: Sewer and Bailey.

You collected 588 gold pieces.

Inventory:

Hand Weapons
 a - a +0 hand axe (weapon)
Missiles
 w - 2 throwing nets (quivered)
 I - 2 boomerangs
Armour
 b - a +0 animal skin
 j - a scarf of resistance (worn)
 p - +0 steam dragon scales (worn)
 t - a +0 pair of gloves (worn)
 F - a +0 cloak
Jewellery
 d - a ring of protection from fire
 h - a ring of ice
 k - a ring of protection from fire
 l - an amulet of guardian spirit
 C - an amulet of reflection (around neck)
Wands
 v - a wand of flame (54)
 x - a wand of acid (6)
Scrolls
 e - 4 scrolls of magic mapping {unknown}
 f - 4 scrolls of enchant weapon {unknown}
 i - 6 scrolls of fear {unknown}
 m - a scroll of silence {unknown}
 n - 3 scrolls of immolation {unknown}
 q - 14 scrolls of identify {unknown}
 r - 3 scrolls of enchant armour {unknown}
 u - a scroll of teleportation {unknown}
 y - 2 scrolls of noise {unknown}
 z - 2 scrolls of summoning {unknown}
 D - 3 scrolls of fog {unknown}
 E - a scroll of amnesia {unknown}
 G - a scroll of vulnerability {unknown}
Potions
 c - 3 potions of curing
 g - 2 potions of lignification {unknown}
 o - 2 potions of ambrosia {unknown}
 s - a potion of resistance {unknown}
 A - 7 potions of flight
 B - a potion of mutation {unknown}
 H - a potion of attraction {unknown}


   Skills:
 + Level 9.5 Fighting
 + Level 9.5 Axes
 + Level 9.1 Armour
 + Level 8.2 Dodging


You had 9 spell levels left.
You didn't know any spells.
Your spell library was empty.

Dungeon Overview and Level Annotations

Branches:
Dungeon (8/15)             Temple (0/1) D:4           Sewer (visited)
 Bailey (1/1)
   Lair: D:8-11

Altars:
Cheibriados
Fedhas
Okawaru

Shops:
D:1 =   D:2 [


Innate Abilities, Weirdness & Mutations

You have a pair of horns on your head.
You reflexively headbutt those who attack you in melee.


Message History

You feel better.
The orc warrior hits you with a +0 war axe!
* * * LOW HITPOINT WARNING * * *
You hit the orc warrior but do no damage.
You headbutt the orc warrior, but do no damage.
The orc warrior hits you but does no damage.
Unknown command.
You hit the orc warrior. Your headbutt misses the orc warrior.
The orc warrior is lightly wounded.
The orc warrior barely misses you.
Unknown command.
You hit the orc warrior but do no damage.
You headbutt the orc warrior, but do no damage.
The orc warrior is lightly wounded.
The orc warrior hits you with a +0 war axe!
* * * LOW HITPOINT WARNING * * *
You barely miss the orc warrior.
The orc warrior is lightly wounded.
The orc warrior hits you with a +0 war axe.
* * * LOW HITPOINT WARNING * * *
The orc warrior closely misses you.
Unknown command.
The kobold shouts!
You hit the orc warrior.
The orc warrior is lightly wounded.
You hear a shout!
The orc warrior closely misses you.
You barely miss the orc warrior.
The orc warrior is lightly wounded.
You block the orc warrior's attack.
You hit the orc warrior but do no damage.
The orc warrior is lightly wounded.
You block the orc warrior's attack.
You hit the orc warrior but do no damage.
Your headbutt misses the orc warrior.
The orc warrior is lightly wounded.
The orc warrior hits you with a +0 war axe!
* * * LOW HITPOINT WARNING * * *
The orc warrior hits you with a +0 war axe!
You die...

#......###..o^ ##.....#
'..## .......###..#
....⌠..(.#))#
.........#'##
#..........o#########...
####........)...K.......
#############o######
#@.# ##..# ###


You could see an orc warrior and a kobold.

Vanquished Creatures
  Pikel (D:4)
  Grinder (D:5)
  A wyvern (D:8)
  3 steam dragons
  Menkaure (D:7)
  Duvessa (D:4)
  An ice beast (D:5)
  3 orc warriors (Bailey)
  2 black bears
  A phantom (D:5)
  An ogre (D:6)
  A lemure (D:4)
  A kobold brigand (D:8)
  3 bullfrogs
  Blork the orc (D:4)
  2 scorpions
  Dowan (D:4)
  2 wights (D:8)
  6 killer bees (D:7)
  3 electric eels (D:7)
  A howler monkey (D:6)
  4 hounds
  Crazy Yiuf (D:6)
  3 jellies
  Jessica (D:3)
  2 iguanas
  5 orc wizards
  3 sleepcaps
  Robin (D:3)
  6 gnolls
  7 river rats
  12 adders
  A shadow imp (D:8)
  2 white imps
  An ufetubus (D:6)
  7 worms
  5 dart slugs
  17 orcs
  14 ball pythons
  8 endoplasms
  6 giant cockroaches
  7 hobgoblins
  6 jackals (Sewer)
  4 quokkas
  7 bats
  2 frilled lizards (D:1)
  24 goblins
  17 kobolds
  10 rats
220 creatures vanquished.

Vanquished Creatures (others)
  An orc (D:7)
  16 plants
17 creatures vanquished.

Grand Total: 237 creatures vanquished

Notes
Turn   | Place    | Note
-------+----------+-------------------------------------------
     0 | D:1      | kiwi3s the Minotaur Berserker began the quest for the Orb.
     0 | D:1      | Reached XP level 1. HP: 19/19 MP: 0/0
   130 | D:1      | Reached XP level 2. HP: 25/27 MP: 1/1
   135 | D:1      | Found Nayta's Jewellery Emporium.
   674 | D:1      | Reached XP level 3. HP: 33/33 MP: 2/2
   708 | D:1      | Reached ** piety under Trog
  1104 | D:2      | Found Hevaif's Antique Armour Shoppe.
  1113 | D:2      | Reached XP level 4. HP: 34/41 MP: 3/3
  1651 | D:3      | Noticed Robin
  1662 | D:3      | Killed Robin
  1767 | D:3      | Noticed a steam dragon
  1783 | D:3      | Killed a steam dragon
  1784 | D:3      | Reached skill level 5 in Fighting
  1784 | D:3      | Reached skill level 5 in Axes
  1784 | D:3      | Reached XP level 5. HP: 47/48 MP: 4/4
  1877 | D:3      | Noticed Jessica
  1883 | D:3      | Killed Jessica
  1884 | D:3      | Reached XP level 6. HP: 37/56 MP: 5/5
  2162 | D:3      | Found a faded altar of an unknown god.
  2414 | D:4      | Noticed Pikel
  2429 | D:4      | Killed Pikel
  2430 | D:4      | Reached skill level 5 in Armour
  2430 | D:4      | Reached skill level 5 in Dodging
  2430 | D:4      | Reached XP level 7. HP: 63/63 MP: 6/6
  2445 | D:4      | Found a snail-covered altar of Cheibriados.
  2502 | D:4      | Reached *** piety under Trog
  2620 | D:4      | Noticed Blork the orc
  2635 | D:4      | Killed Blork the orc
  2817 | D:4      | Found a glowing drain.
  2821 | Sewer    | Entered a sewer
  3024 | Sewer    | Reached XP level 8. HP: 67/71 MP: 7/7
  3129 | Sewer    | Reached **** piety under Trog
  3522 | D:4      | Noticed Duvessa
  3522 | D:4      | Noticed Dowan
  3533 | D:4      | Killed Dowan
  3538 | D:4      | Killed Duvessa
  3758 | D:4      | Found a staircase to the Ecumenical Temple.
  3976 | D:5      | Entered Level 5 of the Dungeon
  4820 | D:5      | Noticed Grinder
  4827 | D:5      | Killed Grinder
  4853 | D:5      | Found a blossoming altar of Fedhas.
  5140 | D:6      | Reached XP level 9. HP: 66/81 MP: 8/8
  5991 | D:6      | Found a runed translucent door.
  5992 | D:6      | Noticed Crazy Yiuf
  6001 | D:6      | Killed Crazy Yiuf
  6001 | D:6      | Reached ***** piety under Trog
  6721 | D:7      | HP: 1/123 [electric eel/bolt of electricity (10)]
  7032 | D:7      | Noticed Menkaure
  7047 | D:7      | Killed Menkaure
  7260 | D:7      | Found an iron altar of Okawaru.
  7623 | D:8      | Found a flagged portal.
  7632 | Bailey   | Entered a bailey
  7668 | Bailey   | Reached XP level 10. HP: 61/91 MP: 9/9
  7740 | Bailey   | Slain by an orc warrior

Illustrated notes

Levels and vault maps discovered:
D:1:      evilmike_arrival_plus, layout_loops_ring, serial_shops,
          shop_fountains, minmay_shallow_snake_nest
D:2:      layout_basic, serial_shops, shop_coins
D:3:      layout_basic, ebering_ecumenical_altar_ruins, uniq_robin, uniq_jessica
D:4:      layout_cave_pools, lemuel_round_altar, minmay_temple_entry_poolview,
          lightli_sewer_entry_pipes, chequers_serial_rivers_room_a,
          uniq_blork_the_orc, uniq_pikel, uniq_duvessa
D:5:      layout_rooms, marbit_many_paths, serial_curves, eino_curves_02,
          eino_curves_03, eino_curves_02, eino_curves_01, minivault_14,
          columned_hall_lemuel, serial_bayou_pond_c, uniq_grinder
D:6:      layout_gridville, kennysheep_generic_room_5, uniq_crazy_yiuf_cottage
D:7:      layout_cave_pools, general_overflow_altar, serial_bayou,
          serial_bayou_ford_a, serial_bayou_lagoon_b, serial_bayou_shore_b,
          serial_bayou_shore_a, uniq_menkaure
D:8:      layout_loops_ring, enter_bailey_3
Bailey:   bailey_axe_4, bailey

Skill      XL: |  1  2  3  4  5  6  7  8  9 |
---------------+----------------------------+-----
Axes           | 4 5 6 8 9 |  9.5
Fighting       | 4 5 6 7 9 |  9.5
Armour         | 3 4 5 6 7 9 |  9.1
Dodging        | 3 5 6 8 |  8.2

Action                     |  1- 3 |  4- 6 |  7- 9 | 10-12 || total
---------------------------+-------+-------+-------+-------++-------
  Melee: Hand axe          |    75 |    71 |   428 |    29 ||   603
         Headbutt          |    13 |    12 |    82 |     6 ||   113
         Punch             |     1 |       |     7 |     1 ||     9
 Invoke: Berserk           |       |     3 |     4 |     1 ||     8
    Use: Potion            |       |       |     3 |     1 ||     4
   Stab: Sleeping          |     2 |       |       |       ||     2
 Armour: Animal skin       |     8 |     6 |       |       ||    14
         Steam dragon scal |       |     9 |   114 |     3 ||   126
  Dodge: Dodged            |    43 |    46 |   305 |    21 ||   415
  Block: Other             |       |       |    40 |     6 ||    46
         Reflection        |       |       |     5 |     1 ||     6

Table legend: (Time is in decaauts)
 A = Elapsed time spent in this place.
 B = Non-inter-level travel time spent in this place.
 C = Inter-level travel time spent in this place.
 D = Time resting spent in this place.
 E = Time spent auto-exploring this place.
 F = Levels seen in this place.
 G = Mean time per level.
                   A        B        C        D        E       F      G
               +--------+--------+--------+--------+--------+-----+--------+
         Total |   8007 |   7861 |    146 |    761 |   5752 |  10 |  800.7 |
       Dungeon |   7154 |   7008 |    146 |    756 |   5180 |   8 |  894.2 |
         Sewer |    746 |    746 |      0 |      0 |    553 |   1 |  746.0 |
        Bailey |    106 |    106 |      0 |      4 |     19 |   1 |  106.0 |
               +--------+--------+--------+--------+--------+-----+--------+

Top non-repeatable levels by time:
     D:7: 1291 daAuts
     D:5: 1069 daAuts
     D:6: 1039 daAuts
     D:4: 1013 daAuts
     D:3: 867 daAuts
     D:1: 854 daAuts
   Sewer: 746 daAuts
     D:2: 718 daAuts
     D:8: 299 daAuts
  Bailey: 106 daAuts
